NULL
Full Scoreboard »»

Devils vs Capitals

Created - November 20, 2023 at 21:01

Goals
1 2 3 OT1 SO T
Devils 1 0 2 0 1 3
Capitals 1 2 0 0 2 4
Shots
1 2 3 OT1 SO T
Devils 16 5 15 0 3 36
Capitals 6 18 8 2 3 34

GoalsPenalties
1st period
1. Capitals , Leon Draisaitl 3 (Filip Chytil 1, MacKenzie Weegar 3) at 15:11
2. Devils , J.T. Miller 1 (Elias Pettersson 2) at 18:17
J.T. Miller (NJD) for Tripping (Minor) at 6:28
Calvin de Haan (WAS) for Fighting (Major) at 16:44
Kyle Burroughs (NJD) for Fighting (Major) at 16:44
2nd period
3. Capitals , Leon Draisaitl 4 (Alex Iafallo 2, P.K. Subban 1) at 9:35
4. Capitals , Anthony Cirelli 1 (Alex Pietrangelo 2) at 13:51 (SH)
P.K. Subban (WAS) for Hooking (Minor) at 1:48
Tyler Bertuzzi (NJD) for Roughing (Minor) at 9:46
Joshua Norris (WAS) for Slashing (Minor) at 13:17
Nick Holden (WAS) for Fighting (Major) at 15:41
Jake Evans (NJD) for Fighting (Major) at 15:41
Josh Brown (NJD) for Hooking (Minor) at 17:34
3rd period
5. Devils , Dylan Cozens 2 (Tage Thompson 2) at 7:56
6. Devils , Tyler Bertuzzi 1 (Rasmus Andersson 1, Zach Werenski 3) at 17:15 (PP)
P.K. Subban (WAS) for Hooking (Minor) at 8:20
Joshua Norris (WAS) for Tripping (Minor) at 13:43
Calvin de Haan (WAS) for Slashing (Minor) at 16:17
Overtime #1
No Goal
Rasmus Andersson (NJD) for Hooking (Minor) at 0:03
Shootout
Devils, J.T. Miller - Stopped by Filip Gustavsson
Capitals, Zach Benson - Goal!
Devils, Elias Pettersson - Goal!
Capitals, Alex Ovechkin - Stopped by Spencer Martin
Devils, Tage Thompson - Stopped by Filip Gustavsson
Capitals, Leon Draisaitl - Goal!
Goalie Stats
Spencer Martin (NJD), 31 saves from 34 shots - (0.912), OTL, 1-2-1, 65:00 minutes
Filip Gustavsson (WAS), 33 saves from 36 shots - (0.917), W, 4-2-0, 65:00 minutes
3 StarsOfficial
1 - Leon Draisaitl (WAS)
2 - MacKenzie Weegar (WAS)
3 - Anthony Cirelli (WAS)
Referees : Unknown
Linesman : Unknown
Game Note
Calvin de Haan and Kyle Burroughs fight to a draw at 16:44 of 1st period
Nick Holden and Jake Evans fight to a draw at 15:41 of 2nd period



Team Name Goals Shots Shots Attemp Shots Blocked PIM HIT PP PK FO%
Devils 33677918331 / 5 (20%)050%
Capitals 434621520240 / 4 (0%)150%

Devils
Player Name POS G A P +/- PIM HIT SHT SB MP PP MP PP SHT PK MP PK SHT FO% FOT GA TA
Anton LundellC/LW0000016014:320:0402:47033% 300
Dillon DubeC/LW/RW0000033014:140:0002:39060% 500
Dylan CozensC/RW1010023019:094:1200:28050% 1400
Elias PetterssonC0110033119:344:1611:01041% 3210
Frank VatranoC/LW/RW0000011013:530:0002:5000% 101
J.T. MillerC/LW/RW101-1222220:114:3801:10063% 810
Jake EvansLW/RW000050106:450:0000:0800% 000
Josh BrownD000-1241123:164:3112:5500% 000
Kyle BurroughsD000-1511022:414:3104:0100% 000
Lassi ThomsonD0001021019:220:0003:5400% 001
Nick FolignoC/LW/RW000001406:460:0000:0000% 000
Nick PaulC/LW0000033010:470:0402:50080% 500
Rasmus AnderssonD011-1211321:274:2300:5400% 000
Tage ThompsonC/LW/RW0110061018:494:1200:000100% 210
Trevor MooreLW000-1003018:284:3810:0000% 000
Ty SmithD0001011119:360:0002:5300% 001
Tyler BertuzziLW/RW101-1221118:524:3810:0000% 000
Zach WerenskiD011-1000020:544:2301:1500% 011
Capitals
Player Name POS G A P +/- PIM HIT SHT SB MP PP MP PP SHT PK MP PK SHT FO% FOT GA TA
Alex IafalloLW/RW0111027018:002:3800:3200% 200
Alex OvechkinLW/RW0000023118:232:5900:0000% 200
Alex PietrangeloD0111001226:103:0004:3300% 010
Anthony CirelliC/LW/RW1011016020:290:2004:32159% 2901
Calvin de HaanD000-1710213:480:0000:0500% 002
Chad RuhwedelC/LW/RW0000000113:050:0003:4500% 110
David SavardD0001001222:132:5704:4600% 000
Filip ChytilC/LW/RW0111040016:342:3800:0000% 000
Jesper FrodenRW000002009:050:2000:0000% 000
Joshua NorrisC/LW/RW000-1402014:542:3802:24090% 1010
Kiefer SherwoodC/LW/RW000000009:260:2000:2100% 000
Leon DraisaitlC/RW2021003118:172:5900:00039% 1800
MacKenzie WeegarD0112043225:263:0004:0800% 000
Matt MartinLW/RW000-1031013:250:0004:19050% 200
Nick HoldenD000-2500015:450:0001:5400% 000
P.K. SubbanD0111421223:362:5702:2200% 001
Stefan NoesenC/LW/RW0000001111:380:0001:55033% 310
Zach BensonLW0000035117:452:5900:0000% 300

Devils

5 vs 5 Forward
Line #Left WingCenterRight WingPHYDFOFWanted %Time %Time Play
1Tyler BertuzziElias PetterssonJ.T. Miller1223332%14:30
2Trevor MooreDylan CozensTage Thompson1223330%13:33
3Anton LundellDillon DubeFrank Vatrano1222423%10:20
4Nick FolignoNick PaulJake Evans1221015%6:46
5 vs 5 Defense
Line #DefenseDefensePHYDFOFWanted %Time %Time Play
1Rasmus AnderssonZach Werenski1223535%15:39
2Kyle BurroughsJosh Brown1223534%15:14
3Ty SmithLassi Thomson1223032%14:16
4Rasmus AnderssonZach Werenski12200%0:00
Power Play Forward
Line #Left WingCenterRight WingPHYDFOFWanted %Time %Time Play
1Tage ThompsonElias PetterssonDylan Cozens1225048%4:16
2Trevor MooreJ.T. MillerTyler Bertuzzi1225052%4:38
Power Play Defense
Line #DefenseDefensePHYDFOFWanted %Time %Time Play
1Rasmus AnderssonZach Werenski1225049%4:23
2Kyle BurroughsJosh Brown1225051%4:31
Penalty Kill 4 Players Forward
Line #CenterWingPHYDFOFWanted %Time %Time Play
1Dillon DubeAnton Lundell1225052%3:04
2Nick PaulFrank Vatrano1225048%2:53
Penalty Kill 4 Players Defense
Line #DefenseDefensePHYDFOFWanted %Time %Time Play
1Lassi ThomsonTy Smith1225043%2:32
2Kyle BurroughsJosh Brown1225057%3:25
Penalty Kill 3 Players
Line #WingPHYDFOFWanted %Time %Time PlayDefenseDefensePHYDFOFWanted %Time %Time Play
1J.T. Miller1225049%0:58 Rasmus AnderssonZach Werenski1225069%1:22
2Elias Pettersson1225051%1:01 Kyle BurroughsJosh Brown1225031%0:37
4 vs 4 Forward
Line #CenterWingPHYDFOFWanted %Time %Time Play
1J.T. MillerElias Pettersson122500%0:00
2Tage ThompsonTyler Bertuzzi122500%0:00
4 vs 4 Defense
Line #DefensePHYDFOFWanted %Time %Time Play
1Rasmus AnderssonZach Werenski122500%0:00
2Kyle BurroughsJosh Brown122500%0:00
Last Minutes Offensive
Left WingCenterRight WingDefenseDefense
Tage ThompsonElias PetterssonDylan CozensRasmus AnderssonZach Werenski
Last Minutes Defensive
Left WingCenterRight WingDefenseDefense
Tyler BertuzziJ.T. MillerDylan CozensRasmus AnderssonZach Werenski
Time
Total ForwardTotal DefenseLast Minutes OffensiveLast Minutes Defensive
61:59 61:59 0:000:00
Extra Forwards
Normal PowerPlayPenalty Kill
Anton Lundell, Nick Paul, Frank VatranoAnton Lundell, Nick PaulFrank Vatrano
Extra Defensemen
Normal PowerPlayPenalty Kill
Ty Smith, Lassi Thomson, Kyle BurroughsTy Smith, Lassi ThomsonKyle Burroughs
Penalty Shots
J.T. Miller, Elias Pettersson, Tage Thompson, Tyler Bertuzzi, Dylan Cozens
Goalie
Spencer Martin, Thatcher Demko
Custom OT Lines Forwards
J.T. Miller, Elias Pettersson, Tage Thompson, Tyler Bertuzzi, Dylan Cozens, Trevor Moore, Anton Lundell, Nick Paul, Dillon Dube, Frank Vatrano
Custom OT Lines Defensemen
Rasmus Andersson, Zach Werenski, Kyle Burroughs, Josh Brown, Ty Smith
Scratches
Brad Lambert (Healthy), Domenick Fensore (Healthy)

Capitals

5 vs 5 Forward
Line #Left WingCenterRight WingPHYDFOFWanted %Time %Time Play
1Zach BensonAnthony CirelliAlex Ovechkin1223431%13:50
2Alex IafalloLeon DraisaitlFilip Chytil1223231%13:57
3Chad RuhwedelJoshua NorrisMatt Martin1222420%9:04
4Kiefer SherwoodStefan NoesenJesper Froden1221018%8:18
5 vs 5 Defense
Line #DefenseDefensePHYDFOFWanted %Time %Time Play
1Alex PietrangeloMacKenzie Weegar1223435%16:00
2P.K. SubbanDavid Savard1223332%14:33
3Calvin de HaanNick Holden1223332%14:36
4Alex PietrangeloMacKenzie Weegar12200%0:00
Power Play Forward
Line #Left WingCenterRight WingPHYDFOFWanted %Time %Time Play
1Zach BensonLeon DraisaitlAlex Ovechkin1136556%3:19
2Alex IafalloJoshua NorrisFilip Chytil1223544%2:38
Power Play Defense
Line #DefenseDefensePHYDFOFWanted %Time %Time Play
1Alex PietrangeloMacKenzie Weegar1225050%3:00
2P.K. SubbanDavid Savard1225050%2:57
Penalty Kill 4 Players Forward
Line #CenterWingPHYDFOFWanted %Time %Time Play
1Anthony CirelliChad Ruhwedel1225045%4:00
2Joshua NorrisMatt Martin1225055%4:54
Penalty Kill 4 Players Defense
Line #DefenseDefensePHYDFOFWanted %Time %Time Play
1P.K. SubbanDavid Savard1225054%4:51
2MacKenzie WeegarAlex Pietrangelo1225046%4:03
Penalty Kill 3 Players
Line #WingPHYDFOFWanted %Time %Time PlayDefenseDefensePHYDFOFWanted %Time %Time Play
1Leon Draisaitl122500%0:00 Alex PietrangeloMacKenzie Weegar122500%0:00
2Anthony Cirelli122500%0:00 P.K. SubbanDavid Savard122500%0:00
4 vs 4 Forward
Line #CenterWingPHYDFOFWanted %Time %Time Play
1Leon DraisaitlAlex Ovechkin1225055%1:06
2Anthony CirelliAlex Iafallo1225045%0:53
4 vs 4 Defense
Line #DefensePHYDFOFWanted %Time %Time Play
1Alex PietrangeloMacKenzie Weegar1225058%50% - 1:09
2P.K. SubbanDavid Savard1225042%50% - 0:50
Last Minutes Offensive
Left WingCenterRight WingDefenseDefense
Zach BensonLeon DraisaitlAlex OvechkinAlex PietrangeloMacKenzie Weegar
Last Minutes Defensive
Left WingCenterRight WingDefenseDefense
Alex IafalloAnthony CirelliLeon DraisaitlAlex PietrangeloMacKenzie Weegar
Time
Total ForwardTotal DefenseLast Minutes OffensiveLast Minutes Defensive
61:59 61:59 0:000:00
Extra Forwards
Normal PowerPlayPenalty Kill
Joshua Norris, Zach Benson, Stefan NoesenZach Benson, Anthony CirelliStefan Noesen
Extra Defensemen
Normal PowerPlayPenalty Kill
Calvin de Haan, Nick Holden, P.K. SubbanCalvin de Haan, Nick HoldenP.K. Subban
Penalty Shots
Zach Benson, Alex Ovechkin, Leon Draisaitl, Filip Chytil, Joshua Norris
Goalie
Filip Gustavsson, Kevin Lankinen
Custom OT Lines Forwards
Leon Draisaitl, Alex Ovechkin, Alex Iafallo, Anthony Cirelli, Joshua Norris, Zach Benson, Filip Chytil, Stefan Noesen, Matt Martin, Chad Ruhwedel
Custom OT Lines Defensemen
Alex Pietrangelo, MacKenzie Weegar, P.K. Subban, David Savard, Calvin de Haan
Scratches
Albin Grewe (Healthy), Zach Bogosian (Healthy)


Play-by-Play

1st period


0:01 of 1st period - Elias Pettersson wins face-off versus Anthony Cirelli in neutral zone.
0:26 of 1st period - Zach Werenski is hit by Filip Chytil and loses puck.
0:34 of 1st period - Off-side.
0:35 of 1st period - Dillon Dube wins face-off versus Matt Martin in neutral zone.
0:47 of 1st period - Snap shot by Frank Vatrano.
0:47 of 1st period - Deflect By Anton Lundell.
0:47 of 1st period - Stopped by Filip Gustavsson without a rebound.
0:48 of 1st period - Nick Paul wins face-off versus Stefan Noesen in Capitals zone.
0:49 of 1st period - Snap shot by Nick Foligno.
0:49 of 1st period - Shot Misses the Net.
0:51 of 1st period - Slapshot by Ty Smith.
0:51 of 1st period - Stopped by Filip Gustavsson with a rebound.
1:01 of 1st period - Nick Foligno is hit by Jesper Froden and loses puck.
1:14 of 1st period - Tage Thompson is hit by Alex Iafallo.
1:26 of 1st period - Snap shot by Alex Iafallo.
1:26 of 1st period - Shot Misses the Net.
1:56 of 1st period - Anton Lundell is hit by Matt Martin and loses puck.
2:17 of 1st period - Snap shot by Frank Vatrano.
2:17 of 1st period - Shot Hit the Post.
2:19 of 1st period - Slapshot by Nick Foligno.
2:19 of 1st period - Stopped by Filip Gustavsson with a rebound.
2:21 of 1st period - Snap shot by Nick Foligno.
2:21 of 1st period - Shot Blocked by Alex Pietrangelo.
2:47 of 1st period - Backhand shot by Elias Pettersson.
2:47 of 1st period - Stopped by Filip Gustavsson without a rebound.
2:48 of 1st period - Dylan Cozens wins face-off versus Anthony Cirelli in Capitals zone.
3:13 of 1st period - Matt Martin is hit by Frank Vatrano and loses puck.
3:19 of 1st period - Icing by Matt Martin.
3:20 of 1st period - Joshua Norris wins face-off versus Elias Pettersson in Capitals zone.
4:29 of 1st period - Calvin de Haan is hit by Nick Paul and loses puck.
4:34 of 1st period - Snap shot by Nick Paul.
4:34 of 1st period - Shot Blocked by Stefan Noesen.
4:47 of 1st period - Icing by Zach Werenski.
4:48 of 1st period - Joshua Norris wins face-off versus Elias Pettersson in Devils zone.
4:59 of 1st period - MacKenzie Weegar is hit by Elias Pettersson and loses puck.
5:16 of 1st period - Snap shot by Tage Thompson.
5:16 of 1st period - Shot Misses the Net.
5:39 of 1st period - Snap shot by Alex Iafallo.
5:39 of 1st period - Stopped by Spencer Martin with a rebound.
6:06 of 1st period - Snap shot by Nick Paul.
6:06 of 1st period - Deflect By Nick Foligno.
6:06 of 1st period - Stopped by Filip Gustavsson without a rebound.
6:07 of 1st period - Elias Pettersson wins face-off versus Anthony Cirelli in Capitals zone.
6:28 of 1st period - Minor Penalty to J.T. Miller for Tripping.
6:29 of 1st period - Leon Draisaitl wins face-off versus Anton Lundell in Devils zone.
6:44 of 1st period - Wrist shot by Zach Benson.
6:44 of 1st period - Shot Misses the Net.
6:54 of 1st period - Alex Iafallo is hit by Lassi Thomson and loses puck.
8:28 of 1st period - Penalty to J.T. Miller is over, J.T. Miller is back on ice.
9:11 of 1st period - Icing by Calvin de Haan.
9:12 of 1st period - Dylan Cozens wins face-off versus Anthony Cirelli in Capitals zone.
9:15 of 1st period - Snap shot by Anton Lundell.
9:15 of 1st period - Shot Misses the Net.
9:17 of 1st period - Snap shot by Anton Lundell.
9:17 of 1st period - Stopped by Filip Gustavsson with a rebound.
10:27 of 1st period - Alex Pietrangelo is hit by Dillon Dube and loses puck.
10:32 of 1st period - Wrist shot by Dillon Dube.
10:32 of 1st period - Stopped by Filip Gustavsson with a rebound.
10:46 of 1st period - Tage Thompson is hit by MacKenzie Weegar and loses puck.
11:11 of 1st period - Elias Pettersson is hit by Filip Chytil.
11:36 of 1st period - Wrist shot by Zach Benson.
11:36 of 1st period - Shot Misses the Net.
11:38 of 1st period - Slapshot by Alex Pietrangelo.
11:38 of 1st period - Shot Misses the Net.
11:48 of 1st period - Snap shot by Nick Paul.
11:48 of 1st period - Shot Misses the Net.
11:50 of 1st period - Slapshot by Kyle Burroughs.
11:50 of 1st period - Stopped by Filip Gustavsson with a rebound.
11:52 of 1st period - Snap shot by Anton Lundell.
11:52 of 1st period - Stopped by Filip Gustavsson without a rebound.
11:53 of 1st period - Leon Draisaitl wins face-off versus Dillon Dube in Capitals zone.
12:16 of 1st period - Frank Vatrano is hit by Alex Ovechkin and loses puck.
12:31 of 1st period - Slapshot by Dillon Dube.
12:31 of 1st period - Shot Blocked by Alex Pietrangelo.
13:25 of 1st period - P.K. Subban is hit by Lassi Thomson and loses puck.
13:50 of 1st period - Wrist shot by Tage Thompson.
13:50 of 1st period - Shot Blocked by David Savard.
13:58 of 1st period - Wrist shot by Tage Thompson.
13:58 of 1st period - Shot Blocked by P.K. Subban.
14:00 of 1st period - Wrist shot by Dylan Cozens.
14:00 of 1st period - Shot Misses the Net.
14:28 of 1st period - P.K. Subban is hit by Tage Thompson and loses puck.
14:35 of 1st period - Wrist shot by Tage Thompson.
14:35 of 1st period - Shot Hit the Post.
14:37 of 1st period - Snap shot by Tage Thompson.
14:37 of 1st period - Shot Misses the Net.
14:39 of 1st period - Snap shot by Josh Brown.
14:39 of 1st period - Deflect By Tage Thompson.
14:39 of 1st period - Shot Misses the Net.
14:39 of 1st period - Puck is out of play.
14:40 of 1st period - Anthony Cirelli wins face-off versus Elias Pettersson in Capitals zone.
14:45 of 1st period - Wrist shot by Alex Ovechkin.
14:45 of 1st period - Deflect By Anthony Cirelli.
14:45 of 1st period - Shot Misses the Net.
14:45 of 1st period - Puck is out of play.
14:46 of 1st period - Anthony Cirelli wins face-off versus Elias Pettersson in Devils zone.
14:49 of 1st period - Wrist shot by Anthony Cirelli.
14:49 of 1st period - Stopped by Spencer Martin with a rebound.
14:59 of 1st period - Off-side.
15:00 of 1st period - Leon Draisaitl wins face-off versus Elias Pettersson in neutral zone.
15:03 of 1st period - Slapshot by Leon Draisaitl.
15:03 of 1st period - Stopped by Spencer Martin with a rebound.
15:05 of 1st period - Slapshot by MacKenzie Weegar.
15:05 of 1st period - Stopped by Spencer Martin with a rebound.
15:09 of 1st period - Snap shot by Filip Chytil.
15:09 of 1st period - Shot Blocked by Josh Brown.
15:11 of 1st period - Wrist shot by Leon Draisaitl.
15:11 of 1st period - Goal by Leon Draisaitl - Devils : 0 - Capitals : 1.
15:12 of 1st period - Elias Pettersson wins face-off versus Leon Draisaitl in neutral zone.
15:48 of 1st period - Snap shot by Nick Paul.
15:48 of 1st period - Shot Blocked by MacKenzie Weegar.
15:50 of 1st period - Snap shot by Nick Foligno.
15:50 of 1st period - Shot Blocked by MacKenzie Weegar.
16:00 of 1st period - Leon Draisaitl is hit by Josh Brown.
16:04 of 1st period - Wrist shot by Dillon Dube.
16:04 of 1st period - Shot Blocked by Leon Draisaitl.
16:06 of 1st period - Snap shot by Anton Lundell.
16:06 of 1st period - Stopped by Filip Gustavsson without a rebound.
16:07 of 1st period - Anthony Cirelli wins face-off versus Frank Vatrano in Capitals zone.
16:16 of 1st period - Snap shot by Dillon Dube.
16:16 of 1st period - Stopped by Filip Gustavsson with a rebound.
16:18 of 1st period - Slapshot by Lassi Thomson.
16:18 of 1st period - Deflect By Zach Benson.
16:18 of 1st period - Stopped by Filip Gustavsson with a rebound.
16:20 of 1st period - Snap shot by Dillon Dube.
16:20 of 1st period - Stopped by Filip Gustavsson without a rebound.
16:21 of 1st period - Elias Pettersson wins face-off versus Anthony Cirelli in Capitals zone.
16:31 of 1st period - Icing by Anthony Cirelli.
16:32 of 1st period - Anthony Cirelli wins face-off versus Elias Pettersson in Capitals zone.
16:32 of 1st period - Zach Benson is hit by J.T. Miller and loses puck.
16:44 of 1st period - Calvin de Haan and Kyle Burroughs fight to a draw.
16:44 of 1st period - Penalty to Calvin de Haan for Fighting.
16:44 of 1st period - Penalty to Kyle Burroughs for Fighting.
16:45 of 1st period - Anthony Cirelli wins face-off versus Dylan Cozens in Devils zone.
16:46 of 1st period - Snap shot by Zach Benson.
16:46 of 1st period - Shot Misses the Net.
17:10 of 1st period - J.T. Miller is hit by Matt Martin.
17:36 of 1st period - Slapshot by Alex Iafallo.
17:36 of 1st period - Shot Misses the Net.
17:44 of 1st period - Snap shot by Frank Vatrano.
17:44 of 1st period - Stopped by Filip Gustavsson without a rebound.
17:45 of 1st period - Dylan Cozens wins face-off versus Anthony Cirelli in Capitals zone.
17:46 of 1st period - Snap shot by Tage Thompson.
17:46 of 1st period - Deflect By Dylan Cozens.
17:46 of 1st period - Stopped by Filip Gustavsson with a rebound.
18:17 of 1st period - Snap shot by J.T. Miller.
18:17 of 1st period - Goal by J.T. Miller - Devils : 1 - Capitals : 1.
18:18 of 1st period - Elias Pettersson wins face-off versus Anthony Cirelli in neutral zone.
18:34 of 1st period - Icing by Lassi Thomson.
18:35 of 1st period - Leon Draisaitl wins face-off versus Elias Pettersson in Devils zone.
19:07 of 1st period - Snap shot by Alex Iafallo.
19:07 of 1st period - Stopped by Spencer Martin without a rebound.
19:08 of 1st period - Anthony Cirelli wins face-off versus Dylan Cozens in Devils zone.
19:08 of 1st period - Zach Benson is hit by Josh Brown and loses puck.
Goals for this period are 1 for Devils vs 1 for Capitals.
Shots for this period are 16 for Devils vs 6 for Capitals.

2nd period


0:01 of 2nd period - Tage Thompson wins face-off versus Anthony Cirelli in neutral zone.
0:01 of 2nd period - Zach Werenski is hit by P.K. Subban and loses puck.
1:09 of 2nd period - Slapshot by Nick Paul.
1:09 of 2nd period - Shot Misses the Net.
1:11 of 2nd period - Snap shot by Nick Foligno.
1:11 of 2nd period - Stopped by Filip Gustavsson without a rebound.
1:12 of 2nd period - Anthony Cirelli wins face-off versus Nick Paul in Capitals zone.
1:35 of 2nd period - Wrist shot by Nick Paul.
1:35 of 2nd period - Stopped by Filip Gustavsson without a rebound.
1:36 of 2nd period - Dylan Cozens wins face-off versus Leon Draisaitl in Capitals zone.
1:37 of 2nd period - Snap shot by Tage Thompson.
1:37 of 2nd period - Shot Misses the Net.
1:48 of 2nd period - Minor Penalty to P.K. Subban for Hooking.
1:49 of 2nd period - Dylan Cozens wins face-off versus Anthony Cirelli in Capitals zone.
1:49 of 2nd period - Wrist shot by Elias Pettersson.
1:49 of 2nd period - Stopped by Filip Gustavsson without a rebound.
1:50 of 2nd period - Anthony Cirelli wins face-off versus Elias Pettersson in Capitals zone.
2:15 of 2nd period - Chad Ruhwedel is hit by J.T. Miller and loses puck.
3:48 of 2nd period - Penalty to P.K. Subban is over, P.K. Subban is back on ice.
3:56 of 2nd period - Wrist shot by Alex Iafallo.
3:56 of 2nd period - Stopped by Spencer Martin without a rebound.
3:57 of 2nd period - Dillon Dube wins face-off versus Leon Draisaitl in Devils zone.
3:57 of 2nd period - Frank Vatrano is hit by Filip Chytil and loses puck.
4:30 of 2nd period - Wrist shot by Nick Paul.
4:30 of 2nd period - Stopped by Filip Gustavsson with a rebound.
4:42 of 2nd period - Snap shot by Zach Benson.
4:42 of 2nd period - Shot Blocked by Rasmus Andersson.
4:44 of 2nd period - Wrist shot by Alex Ovechkin.
4:44 of 2nd period - Stopped by Spencer Martin with a rebound.
4:46 of 2nd period - Wrist shot by Zach Benson.
4:46 of 2nd period - Stopped by Spencer Martin with a rebound.
4:48 of 2nd period - Wrist shot by Nick Holden.
4:48 of 2nd period - Shot Blocked by Rasmus Andersson.
4:50 of 2nd period - Slapshot by Zach Benson.
4:50 of 2nd period - Stopped by Spencer Martin with a rebound.
4:52 of 2nd period - Snap shot by Anthony Cirelli.
4:52 of 2nd period - Stopped by Spencer Martin with a rebound.
4:54 of 2nd period - Snap shot by Anthony Cirelli.
4:54 of 2nd period - Shot Misses the Net.
5:05 of 2nd period - Off-side.
5:06 of 2nd period - Joshua Norris wins face-off versus Elias Pettersson in neutral zone.
5:09 of 2nd period - Snap shot by Chad Ruhwedel.
5:09 of 2nd period - Shot Blocked by Tyler Bertuzzi.
5:33 of 2nd period - Snap shot by Anthony Cirelli.
5:33 of 2nd period - Stopped by Spencer Martin without a rebound.
5:34 of 2nd period - Anthony Cirelli wins face-off versus Dillon Dube in Devils zone.
6:07 of 2nd period - Icing by Kyle Burroughs.
6:08 of 2nd period - Anthony Cirelli wins face-off versus Dylan Cozens in Devils zone.
6:58 of 2nd period - Slapshot by Alex Pietrangelo.
6:58 of 2nd period - Shot Blocked by Ty Smith.
7:00 of 2nd period - Wrist shot by Jesper Froden.
7:00 of 2nd period - Shot Misses the Net.
7:02 of 2nd period - Slapshot by MacKenzie Weegar.
7:02 of 2nd period - Deflect By Dylan Cozens.
7:02 of 2nd period - Stopped by Spencer Martin without a rebound.
7:03 of 2nd period - Elias Pettersson wins face-off versus Stefan Noesen in Devils zone.
8:02 of 2nd period - Snap shot by Zach Benson.
8:02 of 2nd period - Stopped by Spencer Martin without a rebound.
8:03 of 2nd period - Joshua Norris wins face-off versus Elias Pettersson in Devils zone.
8:08 of 2nd period - Snap shot by Joshua Norris.
8:08 of 2nd period - Shot Misses the Net.
8:10 of 2nd period - Wrist shot by Joshua Norris.
8:10 of 2nd period - Stopped by Spencer Martin with a rebound.
8:12 of 2nd period - Snap shot by Matt Martin.
8:12 of 2nd period - Stopped by Spencer Martin without a rebound.
8:13 of 2nd period - Joshua Norris wins face-off versus Elias Pettersson in Devils zone.
8:14 of 2nd period - Snap shot by Chad Ruhwedel.
8:14 of 2nd period - Shot Misses the Net.
8:16 of 2nd period - Slapshot by David Savard.
8:16 of 2nd period - Shot Blocked by J.T. Miller.
8:18 of 2nd period - Slapshot by P.K. Subban.
8:18 of 2nd period - Stopped by Spencer Martin with a rebound.
8:22 of 2nd period - Snap shot by Joshua Norris.
8:22 of 2nd period - Deflect By Chad Ruhwedel.
8:22 of 2nd period - Shot Misses the Net.
8:22 of 2nd period - Puck is out of play.
8:23 of 2nd period - Leon Draisaitl wins face-off versus Elias Pettersson in Devils zone.
8:35 of 2nd period - Icing by P.K. Subban.
8:36 of 2nd period - Dylan Cozens wins face-off versus Leon Draisaitl in Capitals zone.
9:09 of 2nd period - Snap shot by Leon Draisaitl.
9:09 of 2nd period - Shot Misses the Net.
9:15 of 2nd period - Snap shot by Alex Iafallo.
9:15 of 2nd period - Stopped by Spencer Martin with a rebound.
9:27 of 2nd period - Wrist shot by Alex Iafallo.
9:27 of 2nd period - Stopped by Spencer Martin with a rebound.
9:33 of 2nd period - Snap shot by Alex Iafallo.
9:33 of 2nd period - Shot Blocked by Rasmus Andersson.
9:35 of 2nd period - Snap shot by Leon Draisaitl.
9:35 of 2nd period - Goal by Leon Draisaitl - Devils : 1 - Capitals : 2.
9:36 of 2nd period - Elias Pettersson wins face-off versus Zach Benson in neutral zone.
9:36 of 2nd period - J.T. Miller is hit by Alex Ovechkin and loses puck.
9:43 of 2nd period - Snap shot by Zach Benson.
9:43 of 2nd period - Stopped by Spencer Martin without a rebound.
9:44 of 2nd period - Elias Pettersson wins face-off versus Alex Ovechkin in Devils zone.
9:46 of 2nd period - Minor Penalty to Tyler Bertuzzi for Roughing.
9:47 of 2nd period - Nick Paul wins face-off versus Leon Draisaitl in Devils zone.
10:17 of 2nd period - Nick Paul is hit by Filip Chytil and loses puck.
11:06 of 2nd period - P.K. Subban is hit by Dillon Dube and loses puck.
11:46 of 2nd period - Penalty to Tyler Bertuzzi is over, Tyler Bertuzzi is back on ice.
11:51 of 2nd period - Anton Lundell is hit by MacKenzie Weegar.
12:03 of 2nd period - Tyler Bertuzzi is hit by Calvin de Haan and loses puck.
12:35 of 2nd period - Icing by Calvin de Haan.
12:36 of 2nd period - Dylan Cozens wins face-off versus Anthony Cirelli in Capitals zone.
12:43 of 2nd period - Zach Werenski is hit by Anthony Cirelli and loses puck.
13:04 of 2nd period - Backhand shot by Nick Paul.
13:04 of 2nd period - Stopped by Filip Gustavsson without a rebound.
13:05 of 2nd period - Matt Martin wins face-off versus Elias Pettersson in Capitals zone.
13:17 of 2nd period - Minor Penalty to Joshua Norris for Slashing.
13:18 of 2nd period - Anthony Cirelli wins face-off versus Elias Pettersson in Capitals zone.
13:18 of 2nd period - Anthony Cirelli is hit by Elias Pettersson.
13:51 of 2nd period - Snap shot by Anthony Cirelli.
13:51 of 2nd period - Goal by Anthony Cirelli - Devils : 1 - Capitals : 3.
13:52 of 2nd period - Anthony Cirelli wins face-off versus J.T. Miller in neutral zone.
13:57 of 2nd period - Wrist shot by Chad Ruhwedel.
13:57 of 2nd period - Shot Blocked by J.T. Miller.
15:17 of 2nd period - Penalty to Joshua Norris is over, Joshua Norris is back on ice.
15:25 of 2nd period - Dillon Dube is hit by MacKenzie Weegar and loses puck.
15:41 of 2nd period - Nick Holden and Jake Evans fight to a draw.
15:41 of 2nd period - Penalty to Nick Holden for Fighting.
15:41 of 2nd period - Penalty to Jake Evans for Fighting.
15:42 of 2nd period - Elias Pettersson wins face-off versus Alex Ovechkin in neutral zone.
15:51 of 2nd period - Alex Pietrangelo is hit by Elias Pettersson and loses puck.
16:08 of 2nd period - Leon Draisaitl is hit by Tage Thompson and loses puck.
16:59 of 2nd period - Wrist shot by Stefan Noesen.
16:59 of 2nd period - Shot Misses the Net.
17:01 of 2nd period - Snap shot by Stefan Noesen.
17:01 of 2nd period - Shot Misses the Net.
17:11 of 2nd period - Wrist shot by Zach Benson.
17:11 of 2nd period - Stopped by Spencer Martin with a rebound.
17:13 of 2nd period - Slapshot by Alex Pietrangelo.
17:13 of 2nd period - Shot Misses the Net.
17:15 of 2nd period - Snap shot by Zach Benson.
17:15 of 2nd period - Shot Misses the Net.
17:17 of 2nd period - Slapshot by Anthony Cirelli.
17:17 of 2nd period - Shot Misses the Net.
17:19 of 2nd period - Slapshot by Alex Pietrangelo.
17:19 of 2nd period - Stopped by Spencer Martin without a rebound.
17:20 of 2nd period - Leon Draisaitl wins face-off versus Elias Pettersson in Devils zone.
17:34 of 2nd period - Minor Penalty to Josh Brown for Hooking.
17:35 of 2nd period - Nick Paul wins face-off versus Leon Draisaitl in Devils zone.
19:34 of 2nd period - Penalty to Josh Brown is over, Josh Brown is back on ice.
19:40 of 2nd period - Kiefer Sherwood is hit by Dillon Dube and loses puck.
19:49 of 2nd period - Wrist shot by Frank Vatrano.
19:49 of 2nd period - Deflect By Dillon Dube.
19:49 of 2nd period - Shot Misses the Net.
19:49 of 2nd period - Puck is out of play.
19:50 of 2nd period - Joshua Norris wins face-off versus Elias Pettersson in Capitals zone.
Goals for this period are 0 for Devils vs 2 for Capitals.
Shots for this period are 5 for Devils vs 18 for Capitals.

3rd period


0:01 of 3rd period - Elias Pettersson wins face-off versus Anthony Cirelli in neutral zone.
0:01 of 3rd period - Elias Pettersson is hit by Zach Benson.
0:11 of 3rd period - Wrist shot by Anthony Cirelli.
0:11 of 3rd period - Stopped by Spencer Martin without a rebound.
0:12 of 3rd period - Elias Pettersson wins face-off versus Zach Benson in Devils zone.
0:19 of 3rd period - Wrist shot by Zach Benson.
0:19 of 3rd period - Shot Blocked by Elias Pettersson.
0:37 of 3rd period - Alex Iafallo is hit by Tage Thompson and loses puck.
0:42 of 3rd period - Wrist shot by Tage Thompson.
0:42 of 3rd period - Shot Misses the Net.
1:02 of 3rd period - Snap shot by Dillon Dube.
1:02 of 3rd period - Shot Blocked by Chad Ruhwedel.
1:28 of 3rd period - Slapshot by Rasmus Andersson.
1:28 of 3rd period - Stopped by Filip Gustavsson without a rebound.
1:29 of 3rd period - Elias Pettersson wins face-off versus Anthony Cirelli in Capitals zone.
1:32 of 3rd period - Snap shot by J.T. Miller.
1:32 of 3rd period - Stopped by Filip Gustavsson with a rebound.
1:34 of 3rd period - Backhand shot by Elias Pettersson.
1:34 of 3rd period - Stopped by Filip Gustavsson with a rebound.
1:36 of 3rd period - Wrist shot by Tyler Bertuzzi.
1:36 of 3rd period - Shot Misses the Net.
1:38 of 3rd period - Slapshot by Josh Brown.
1:38 of 3rd period - Deflect By Elias Pettersson.
1:38 of 3rd period - Shot Blocked by Calvin de Haan.
1:38 of 3rd period - Puck is out of play.
1:39 of 3rd period - Anthony Cirelli wins face-off versus Elias Pettersson in Capitals zone.
2:25 of 3rd period - Snap shot by Elias Pettersson.
2:25 of 3rd period - Shot Blocked by Alex Ovechkin.
2:51 of 3rd period - Wrist shot by J.T. Miller.
2:51 of 3rd period - Deflect By Tyler Bertuzzi.
2:51 of 3rd period - Shot Misses the Net.
2:51 of 3rd period - Puck is out of play.
2:52 of 3rd period - Tage Thompson wins face-off versus Leon Draisaitl in Capitals zone.
3:30 of 3rd period - Frank Vatrano is hit by Matt Martin and loses puck.
3:43 of 3rd period - Wrist shot by Stefan Noesen.
3:43 of 3rd period - Stopped by Spencer Martin with a rebound.
3:45 of 3rd period - Snap shot by David Savard.
3:45 of 3rd period - Stopped by Spencer Martin without a rebound.
3:46 of 3rd period - Stefan Noesen wins face-off versus Dylan Cozens in Devils zone.
4:11 of 3rd period - Kiefer Sherwood is hit by Nick Paul and loses puck.
4:46 of 3rd period - Stefan Noesen is hit by Tage Thompson and loses puck.
5:07 of 3rd period - Slapshot by MacKenzie Weegar.
5:07 of 3rd period - Deflect By Dillon Dube.
5:07 of 3rd period - Stopped by Spencer Martin without a rebound.
5:08 of 3rd period - Dillon Dube wins face-off versus Alex Iafallo in Devils zone.
5:13 of 3rd period - Snap shot by Frank Vatrano.
5:13 of 3rd period - Shot Misses the Net.
5:15 of 3rd period - Backhand shot by Josh Brown.
5:15 of 3rd period - Deflect By Anton Lundell.
5:15 of 3rd period - Stopped by Filip Gustavsson with a rebound.
5:17 of 3rd period - Slapshot by Anton Lundell.
5:17 of 3rd period - Shot Misses the Net.
5:19 of 3rd period - Snap shot by Anton Lundell.
5:19 of 3rd period - Shot Misses the Net.
5:33 of 3rd period - Zach Benson is hit by Josh Brown and loses puck.
6:00 of 3rd period - Tage Thompson is hit by MacKenzie Weegar and loses puck.
6:15 of 3rd period - Icing by Joshua Norris.
6:16 of 3rd period - Nick Paul wins face-off versus Alex Iafallo in Capitals zone.
6:23 of 3rd period - Slapshot by Zach Werenski.
6:23 of 3rd period - Shot Misses the Net.
6:25 of 3rd period - Snap shot by Nick Foligno.
6:25 of 3rd period - Stopped by Filip Gustavsson with a rebound.
6:27 of 3rd period - Snap shot by Jake Evans.
6:27 of 3rd period - Stopped by Filip Gustavsson without a rebound.
6:28 of 3rd period - Anthony Cirelli wins face-off versus Dylan Cozens in Capitals zone.
6:37 of 3rd period - Wrist shot by Tage Thompson.
6:37 of 3rd period - Stopped by Filip Gustavsson without a rebound.
6:38 of 3rd period - Anthony Cirelli wins face-off versus Dylan Cozens in Capitals zone.
6:47 of 3rd period - Wrist shot by Anthony Cirelli.
6:47 of 3rd period - Stopped by Spencer Martin with a rebound.
6:53 of 3rd period - Zach Benson is hit by Tage Thompson and loses puck.
7:04 of 3rd period - Slapshot by Dylan Cozens.
7:04 of 3rd period - Shot Misses the Net.
7:06 of 3rd period - Slapshot by Lassi Thomson.
7:06 of 3rd period - Shot Misses the Net.
7:08 of 3rd period - Slapshot by Lassi Thomson.
7:08 of 3rd period - Shot Blocked by Zach Benson.
7:10 of 3rd period - Slapshot by Trevor Moore.
7:10 of 3rd period - Stopped by Filip Gustavsson with a rebound.
7:12 of 3rd period - Snap shot by Trevor Moore.
7:12 of 3rd period - Stopped by Filip Gustavsson with a rebound.
7:28 of 3rd period - Icing by Dylan Cozens.
7:29 of 3rd period - Leon Draisaitl wins face-off versus Dylan Cozens in Devils zone.
7:36 of 3rd period - Slapshot by Alex Iafallo.
7:36 of 3rd period - Stopped by Spencer Martin with a rebound.
7:52 of 3rd period - Slapshot by Tage Thompson.
7:52 of 3rd period - Shot Misses the Net.
7:54 of 3rd period - Wrist shot by Dylan Cozens.
7:54 of 3rd period - Stopped by Filip Gustavsson with a rebound.
7:56 of 3rd period - Wrist shot by Dylan Cozens.
7:56 of 3rd period - Goal by Dylan Cozens - Devils : 2 - Capitals : 3.
7:57 of 3rd period - Elias Pettersson wins face-off versus Leon Draisaitl in neutral zone.
8:02 of 3rd period - Snap shot by Elias Pettersson.
8:02 of 3rd period - Shot Misses the Net.
8:20 of 3rd period - Minor Penalty to P.K. Subban for Hooking.
8:21 of 3rd period - Anthony Cirelli wins face-off versus J.T. Miller in Capitals zone.
8:47 of 3rd period - MacKenzie Weegar is hit by Tage Thompson and loses puck.
9:00 of 3rd period - Nick Holden is hit by Dylan Cozens and loses puck.
9:11 of 3rd period - Joshua Norris is hit by Rasmus Andersson and loses puck.
10:10 of 3rd period - Stefan Noesen is hit by Tyler Bertuzzi and loses puck.
10:20 of 3rd period - Penalty to P.K. Subban is over, P.K. Subban is back on ice.
10:31 of 3rd period - Wrist shot by Alex Iafallo.
10:31 of 3rd period - Shot Misses the Net.
10:47 of 3rd period - Jesper Froden is hit by Nick Foligno and loses puck.
11:12 of 3rd period - Jake Evans is hit by Alex Iafallo.
11:50 of 3rd period - Lassi Thomson is hit by Jesper Froden and loses puck.
12:07 of 3rd period - Wrist shot by Joshua Norris.
12:07 of 3rd period - Stopped by Spencer Martin with a rebound.
12:17 of 3rd period - Lassi Thomson is hit by Zach Benson and loses puck.
12:44 of 3rd period - Anton Lundell is hit by P.K. Subban and loses puck.
13:01 of 3rd period - Alex Pietrangelo is hit by Ty Smith and loses puck.
13:43 of 3rd period - Minor Penalty to Joshua Norris for Tripping.
13:44 of 3rd period - Anthony Cirelli wins face-off versus J.T. Miller in Capitals zone.
13:44 of 3rd period - Anthony Cirelli is hit by Tyler Bertuzzi.
14:13 of 3rd period - Anthony Cirelli is hit by Dylan Cozens and loses puck.
15:43 of 3rd period - Penalty to Joshua Norris is over, Joshua Norris is back on ice.
15:47 of 3rd period - Anthony Cirelli is hit by Nick Paul and loses puck.
16:17 of 3rd period - Minor Penalty to Calvin de Haan for Slashing.
16:18 of 3rd period - J.T. Miller wins face-off versus Chad Ruhwedel in Capitals zone.
16:28 of 3rd period - Snap shot by Tyler Bertuzzi.
16:28 of 3rd period - Shot Hit the Post.
16:30 of 3rd period - Snap shot by Trevor Moore.
16:30 of 3rd period - Shot Misses the Net.
16:32 of 3rd period - Slapshot by Josh Brown.
16:32 of 3rd period - Stopped by Filip Gustavsson without a rebound.
16:33 of 3rd period - Joshua Norris wins face-off versus Elias Pettersson in Capitals zone.
16:33 of 3rd period - Joshua Norris is hit by Kyle Burroughs.
17:01 of 3rd period - Off-side.
17:02 of 3rd period - J.T. Miller wins face-off versus Joshua Norris in neutral zone.
17:11 of 3rd period - Wrist shot by Trevor Moore.
17:11 of 3rd period - Stopped by Filip Gustavsson with a rebound.
17:13 of 3rd period - Snap shot by Zach Werenski.
17:13 of 3rd period - Shot Blocked by P.K. Subban.
17:15 of 3rd period - Slapshot by Rasmus Andersson.
17:15 of 3rd period - Deflect By Tyler Bertuzzi.
17:15 of 3rd period - Goal by Tyler Bertuzzi - Devils : 3 - Capitals : 3.
17:16 of 3rd period - Joshua Norris wins face-off versus Anton Lundell in neutral zone.
17:16 of 3rd period - Chad Ruhwedel is hit by Josh Brown.
17:32 of 3rd period - Snap shot by Anton Lundell.
17:32 of 3rd period - Shot Blocked by Calvin de Haan.
18:13 of 3rd period - Snap shot by Alex Iafallo.
18:13 of 3rd period - Stopped by Spencer Martin with a rebound.
18:44 of 3rd period - Matt Martin is hit by Anton Lundell and loses puck.
18:49 of 3rd period - Slapshot by Rasmus Andersson.
18:49 of 3rd period - Deflect By Anton Lundell.
18:49 of 3rd period - Stopped by Filip Gustavsson with a rebound.
19:43 of 3rd period - Off-side.
19:44 of 3rd period - Anton Lundell wins face-off versus Zach Benson in neutral zone.
19:49 of 3rd period - Snap shot by Lassi Thomson.
19:49 of 3rd period - Shot Blocked by David Savard.
19:57 of 3rd period - Anton Lundell is hit by Zach Benson and loses puck.
Goals for this period are 2 for Devils vs 0 for Capitals.
Shots for this period are 15 for Devils vs 8 for Capitals.

Overtime #1


0:01 of 1st overtime period - J.T. Miller wins face-off versus Leon Draisaitl in neutral zone.
0:03 of 1st overtime period - Minor Penalty to Rasmus Andersson for Hooking.
0:04 of 1st overtime period - J.T. Miller wins face-off versus Leon Draisaitl in Devils zone.
0:16 of 1st overtime period - Slapshot by Alex Ovechkin.
0:16 of 1st overtime period - Stopped by Spencer Martin with a rebound.
2:03 of 1st overtime period - Penalty to Rasmus Andersson is over, Rasmus Andersson is back on ice.
4:14 of 1st overtime period - Wrist shot by Elias Pettersson.
4:14 of 1st overtime period - Deflect By Tage Thompson.
4:14 of 1st overtime period - Shot Misses the Net.
4:14 of 1st overtime period - Puck is out of play.
4:15 of 1st overtime period - Joshua Norris wins face-off versus Elias Pettersson in Capitals zone.
4:40 of 1st overtime period - Wrist shot by Alex Ovechkin.
4:40 of 1st overtime period - Deflect By Tage Thompson.
4:40 of 1st overtime period - Stopped by Spencer Martin without a rebound.
4:41 of 1st overtime period - J.T. Miller wins face-off versus Leon Draisaitl in Devils zone.
Goals for this period are 0 for Devils vs 0 for Capitals.
Shots for this period are 0 for Devils vs 2 for Capitals.

ShootOut


5:00 of 1st overtime period - Round #1.
5:00 of 1st overtime period - Devils, J.T. Miller.
5:00 of 1st overtime period - Backhand shot by J.T. Miller.
5:00 of 1st overtime period - Stopped by Filip Gustavsson.
5:00 of 1st overtime period - Capitals, Zach Benson.
5:00 of 1st overtime period - Deke by Zach Benson.
5:00 of 1st overtime period - Goal by Zach Benson.
5:00 of 1st overtime period - Round #2.
5:00 of 1st overtime period - Devils, Elias Pettersson.
5:00 of 1st overtime period - Wrist shot by Elias Pettersson.
5:00 of 1st overtime period - Goal by Elias Pettersson.
5:00 of 1st overtime period - Capitals, Alex Ovechkin.
5:00 of 1st overtime period - Wrist shot by Alex Ovechkin.
5:00 of 1st overtime period - Stopped by Spencer Martin.
5:00 of 1st overtime period - Round #3.
5:00 of 1st overtime period - Devils, Tage Thompson.
5:00 of 1st overtime period - Snap shot by Tage Thompson.
5:00 of 1st overtime period - Stopped by Filip Gustavsson.
5:00 of 1st overtime period - Capitals, Leon Draisaitl.
5:00 of 1st overtime period - Backhand shot by Leon Draisaitl.
5:00 of 1st overtime period - Goal by Leon Draisaitl.